 Dungeon Crawl Stone Soup version 0.30.1-11-g7821555f0a (webtiles) character file.

Game seed: 3226279318777035195

1588722 Hi5aMiFi the Conqueror (level 27, 273/273 HPs)
             Began as a Minotaur Berserker on Jan 2, 2024.
             Was the Champion of Trog.
             Escaped with the Orb
             ... and 3 runes on Jan 5, 2024!
             The game lasted 09:03:36 (82301 turns).

Hi5aMiFi the Conqueror (Minotaur Berserker)        Turns: 82301, Time: 09:03:36

Health: 273/273    AC: 55    Str: 31      XL:     27
Magic:  1/9        EV: 12    Int: 12      God:    Trog [******]
Gold:   4025       SH: 30    Dex: 24 (25) Spells: 26/26 levels left

rFire   + + .        E - +9 eveningstar (antimagic)
rCold   + + .        T - +2 tower shield {AC+3}
rNeg    + + +        t - +14 crystal plate armour "Ugesyps" {rElec Str+2 Int+2}
rPois   .            g - +0 hat
rElec   +            k - scarf of Piyf {rC+ rF+, rElec Int+3 Dex+2}
rCorr   .            U - +2 pair of gloves {hurl}
SInv    .            m - +1 pair of boots "Kuroadut" {Drain rElec rC+ rN+++}
Will    ++++.        f - amulet of Xauff {Contam Regen+ Dex+5} Stlth
                     J - +4 ring of slaying
HPRegen 1.45/turn    Q - ring "Pyiwnaim" {Fly rF+ Will++ MP+9 Int+2}
MPRegen 0.11/turn

%: no passive effects
@: flying, hasted (expiring), very quick
A: horns 2, retaliatory headbutt, agile 1, low MP 1, MP-powered wands
0: Orb of Zot
}: 3/15 runes: decaying, silver, gossamer
a: Renounce Religion, Berserk, Trog's Hand, Brothers in Arms


You escaped.
You worshipped Trog.
Trog was exalted by your worship.
You visited 10 branches of the dungeon, and saw 50 of its levels.
You visited 1 bazaar.
You also visited: Trove, Sewer and Ice Cave.

You collected 9412 gold pieces.
You spent 5387 gold pieces at shops.

Inventory:

Hand Weapons
 E - a +9 antimagic eveningstar (weapon)
 W - a +5 morningstar of draining
Missiles
 h - 5 boomerangs of dispersal
 A - 18 boomerangs (quivered)
 I - 7 silver boomerangs
 K - 2 javelins
 M - 2 curare-tipped darts
 R - 10 silver javelins
Armour
 g - a +0 hat (worn)
 k - the scarf of Piyf (worn) {rC+ rF+, rElec Int+3 Dex+2}
   (You found it in a treasure trove)

   Int:       It affects your intelligence (+3).
   Dex:       It affects your dexterity (+2).
   rElec:     It insulates you from electricity.
 m - the +1 pair of boots "Kuroadut" (worn) {Drain rElec rC+ rN+++}
   (You acquired it on level 6 of the Dungeon)

   rC:        It protects you from cold.
   rElec:     It insulates you from electricity.
   rN:        It renders you almost immune to negative energy.
   Drain:     It drains your maximum health when unequipped.
 t - the +14 crystal plate armour "Ugesyps" (worn) {rElec Str+2 Int+2}
   (You found it in a treasure trove)

   Str:       It affects your strength (+2).
   Int:       It affects your intelligence (+2).
   rElec:     It insulates you from electricity.
 T - a +2 tower shield of protection (worn)
 U - a +2 pair of gloves of hurling (worn)
Jewellery
 a - a ring of protection from cold
 c - the ring "Koexi Lialu" {Will+ rCorr Str+6}
   (You bought it in a shop in a bazaar)

   [ring of strength]

   Str:       It affects your strength (+6).
   rCorr:     It protects you from acid and corrosion.
   Will:      It increases your willpower.
 e - a +4 ring of protection
 f - the amulet of Xauff (around neck) {Contam Regen+ Dex+5}
   (You bought it in a shop on level 3 of the Depths)

   [amulet of regeneration]

   Dex:       It affects your dexterity (+5).
   Contam:    It causes magical contamination when unequipped.
   Regen:     It increases your rate of health regeneration.
 s - the ring of Mibluk {Fire rElec Int+2 Dex-3 SInv}
   (You found it on level 3 of the Spider Nest)

   [ring of fire]

   It enhances your fire magic.
   Int:       It affects your intelligence (+2).
   Dex:       It affects your dexterity (-3).
   rF:        It protects you from fire.
   rC:        It makes you vulnerable to cold.
   rElec:     It insulates you from electricity.
   SInv:      It lets you see invisible.
 J - a +4 ring of slaying (left hand)
 N - the ring of Doan {Fire rPois Int+4 Stlth+}
   (You took it off a vault guard on level 5 of the Vaults)

   [ring of fire]

   It enhances your fire magic.
   Int:       It affects your intelligence (+4).
   rF:        It protects you from fire.
   rC:        It makes you vulnerable to cold.
   rPois:     It protects you from poison.
   Stlth:     It makes you more stealthy.
 Q - the ring "Pyiwnaim" (right hand) {Fly rF+ Will++ MP+9 Int+2}
   (You found it on level 5 of the Vaults)

   [ring of protection from fire]

   Int:       It affects your intelligence (+2).
   rF:        It protects you from fire.
   MP:        It affects your magic capacity (+9).
   Fly:       It grants you flight.
   Will:      It greatly increases your willpower.
Wands
 n - a wand of digging (11)
 v - a wand of acid (25)
 L - a wand of iceblast (61)
 Y - a wand of paralysis (46)
Scrolls
 p - 9 scrolls of blinking
 u - 19 scrolls of teleportation
 w - 6 scrolls of fog
 y - 10 scrolls of immolation
 z - 10 scrolls of vulnerability
 C - 3 scrolls of magic mapping
 D - 7 scrolls of poison
 F - 2 scrolls of silence
 O - 10 scrolls of fear
Potions
 b - 3 potions of berserk rage
 d - 2 potions of resistance
 i - 6 potions of ambrosia
 j - 3 potions of might
 l - 25 potions of curing
 q - 7 potions of flight
 r - 5 potions of heal wounds
 x - 5 potions of haste
 B - a potion of invisibility
 G - 6 potions of mutation
 P - 7 potions of lignification
 V - 3 potions of cancellation
 X - 5 potions of attraction
Miscellaneous
 o - a phantom mirror
 H - a box of beasts
 S - a phial of floods
 Z - a condenser vane (inert)


   Skills:
 O Level 27 Fighting
 - Level 20.0 Maces & Flails
 - Level 20.0 Polearms
 - Level 22.0 Throwing
 O Level 27 Armour
 - Level 5.0 Dodging
 O Level 27 Shields
 + Level 10.1 Evocations


You had 26 spell levels left.
You didn't know any spells.
Your spell library was empty.

Dungeon Overview and Level Annotations

Branches:
Dungeon (15/15)            Temple (0/1) D:5            Lair (5/5) D:9
  Swamp (4/4) Lair:2       Spider (4/4) Lair:3        Slime (0/5) Lair:4
    Orc (2/2) D:11            Elf (3/3) Orc:2        Vaults (5/5) D:13
  Crypt (3/3) Vaults:2       Tomb (0/3) Crypt:3      Depths (4/4) D:15
    Zot (5/5) Depths:4      Sewer (visited)           IceCv (visited)

Altars:
Cheibriados
Gozag
Nemelex Xobeh
Qazlal
Vehumet
Wu Jian
Xom
The Shining One
Jiyva
Lugonu

Shops:
D:6 ?   D:10 ?   Orc:1 (   Orc:2 *[(*   Elf:1 *   Vaults:1 !   Vaults:2 [
Vaults:4 ?   Vaults:5 [   Depths:2 ==:   Depths:3 =(

Portals:
Hell: Depths:1 Depths:2 Depths:3 Depths:4
Abyss: Depths:1 Depths:2 Depths:3
Pandemonium: Depths:1 Depths:2
Ziggurat: Depths:2

Annotations:
Crypt:2 dig here


Innate Abilities, Weirdness & Mutations

You have a pair of horns on your head.
You reflexively headbutt those who attack you in melee.
You are agile. (Dex +4, Str/Int -1)
Your magical capacity is low. (-10% MP)
You expend magic power (3 MP) to strengthen your wands.


Message History

There is a stone staircase leading up here.
You fly upwards.
There is a stone staircase leading down here.
Okay, then.
You feel yourself speed up.
There is a stone staircase leading up here.
You fly upwards.
There is a stone staircase leading down here.
Unknown command.
Magic restored.
There is a stone staircase leading up here.
You fly upwards.
There is a stone staircase leading down here.
There is a stone staircase leading up here.
You fly upwards.
There is a stone staircase leading down here.
Aiming: Dig
Press: ? - help, Shift-Dir - straight line A rock wall.
This square is covered in magical glow.
You feel a surge of power!
The rock shatters into small pieces.
Aiming: Dig
Press: ? - help, Shift-Dir - straight line A rock wall.
This square is covered in magical glow.
You feel a surge of power!
The rock shatters into small pieces.
Unknown command.
Blink to where?
Press: ? - help, Dir - move target
As you read the scroll of blinking, it crumbles to dust.
Your extra speed is starting to run out.
Aiming: Dig
Press: ? - help, Shift-Dir - straight line This square is covered in magical glow.
The rock shatters into small pieces.
* * * LOW MAGIC WARNING * * *
Blink to where?
Press: ? - help, Dir - move target
As you read the scroll of blinking, it crumbles to dust.
You have escaped!

#....#..#.# #........#...........
#....#..#.###.########...........
#....#..#........................
#....#....############...........
'......................##########
#...#..#############§#########
#............................#
#....#############.#########.#
#....# ##.@.## #######'####
#....# ##.....###...........
####.# #.#.~8#.##........... #
##.########..≈≈~#.##........... #
#........##.#8≈8#.##...........
###>.......##.#≈≈≈#.##...........
.#.........##.#8~8#.########'####
...#.......###.....#########.####
#..#.......# ###.####............


There were no monsters in sight!

Vanquished Creatures
  2 dread liches
  Khufu (Crypt:1)
  10 orbs of fire
  Mara (Depths:2)
  3 ancient liches
  A juggernaut (Depths:4)
  5 Killer Klowns
  Bai Suzhen (Spider:2)
  5 curse toes
  5 caustic shrikes
  Arachne (Spider:2)
  14 golden dragons
  A bone dragon (Zot:2)
  5 electric golems
  2 doom hounds (Zot:2)
  26 tentacled monstrosities
  2 shard shrike zombies (Crypt:3)
  5 liches
  A walking crystal tome (Depths:3)
  A walking frostbound tome (Depths:2)
  A deep elf blademaster (Elf:3)
  2 titans (Vaults:5)
  6 quicksilver dragons
  Grunn (Zot:2)
  25 Orb Guardians (Zot:5)
  The ghost of Natenado the Slayer, an adept DjFE of Ashenzari (Spider:3)
  2 ancient champions
  9 death cobs
  Asterion (Spider:1)
  A walking divine tome (Depths:3)
  2 deep elf master archers (Elf:3)
  A thorn hunter (Swamp:3)
  9 sphinxes
  14 storm dragons
  14 shadow dragons
  Roxanne (Swamp:1)
  5 tengu reavers
  Agnes (Spider:4)
  Donald (Spider:2)
  12 frost giants
  14 draconian monks
  9 fire giants
  5 draconian knights
  16 vault wardens
  Louise (Depths:3)
  7 draconian scorchers
  4 emperor scorpions
  7 deep elf sorcerers
  5 ghost moths
  2 deep elf elementalists (Elf:3)
  2 balrugs
  5 curse skulls
  9 ghouls
  Aizul (Spider:4)
  6 draconian shifters
  6 draconian annihilators
  7 draconian stormcallers
  2 reapers
  10 ironbound thunderhulks
  2 orc warlords
  23 ironbound preservers
  3 broodmothers
  4 war gargoyles (Vaults:4)
  2 caustic shrike skeletons (Crypt:2)
  15 vampire knights
  11 very ugly things
  A spriggan defender (Depths:2)
  14 black draconians
  2 eleionomae
  14 green draconians
  7 deep elf demonologists
  21 stone giants
  8 deep elf annihilators
  18 yellow draconians
  4 dire elephants
  7 spark wasps
  5 bunyips
  16 red draconians
  A minotaur (Lair:2)
  10 white draconians
  14 purple draconians
  2 blizzard demons
  11 deep elf death magi
  2 green deaths (Swamp:4)
  9 ettins
  A mummy priest (Crypt:1)
  6 eidola
  2 crystal guardians
  6 fire dragons
  6 jiangshi (Crypt:3)
  6 entropy weavers
  2 deep elf high priests
  A quicksilver dragon zombie (Crypt:2)
  7 great orbs of eyes
  14 yaktaur captains
  Josephine (D:14)
  2 rakshasas
  3 spriggan zombies (Crypt:3)
  10 ice dragons
  29 vault guards
  A shambling mangrove (Swamp:4)
  17 hydras
  A ghost crab (Swamp:3)
  A hell beast (Depths:3)
  5 peacekeepers
  3 ogre magi
  The ghost of AngryKot the Fighter, a journeyman OpDe of Makhleb (Lair:1)
  7 centaur warriors
  4 jorogumos
  4 catoblepae
  11 death yaks
  2 radroaches (Spider:3)
  2 spriggan air magi
  8 boulder beetles
  15 ironbound frosthearts
  6 alligators
  4 deep troll shamans
  2 death knights
  The ghost of tmcgee265 the Destroyer, a journeyman DsHW of Sif Muna (Lair:2)
  5 two-headed ogres
  A hell hog (Depths:3)
  35 dancing weapons
  11 vampire magi
  A death scarab (Spider:3)
  A boulder beetle (shapeshifter) (Vaults:2)
  8 deep troll earth magi
  4 tengu warriors
  3 thrashing horrors (Swamp:4)
  4 storm dragon zombies (Crypt:3)
  Nergalle (D:11)
  A spectral emperor scorpion (Spider:3)
  Sonja (Lair:1)
  7 spriggan berserkers
  6 hell knights
  7 sun demons
  Amaemon (D:9)
  6 soul eaters
  18 deep elf knights
  A spriggan (Swamp:2)
  A skyshark (Lair:5)
  7 iron trolls
  An emperor scorpion zombie (Crypt:2)
  2 fire crabs
  2 shadow wraiths
  8 sun moths
  A death drake (Swamp:4)
  A spectral ghost moth (Spider:3)
  14 skeletal warriors
  5 flayed ghosts
  An iron troll (shapeshifter) (Depths:3)
  6 goliath frogs
  7 pharaoh ants
  2 skysharks (shapeshifter)
  A deep troll (shapeshifter) (Depths:1)
  A death drake (shapeshifter) (D:15)
  An anaconda zombie (Crypt:1)
  54 deep trolls
  A storm dragon skeleton (Crypt:1)
  6 wizards
  3 spriggan simulacra
  11 deep elf archers
  A glowing orange brain (Depths:2)
  6 swamp dragons
  A swamp dragon (shapeshifter) (Vaults:5)
  2 orange crystal statues
  21 orb spiders
  A bunyip skeleton (Crypt:2)
  4 orc knights
  A tengu zombie (Crypt:3)
  19 ironbound convokers
  15 bog bodies
  7 necromancers
  An anaconda skeleton (Crypt:3)
  16 phantasmal warriors
  10 steelbarb worms
  A tengu skeleton (Vaults:2)
  A wolf spider (shapeshifter) (Vaults:5)
  8 lindwurms
  7 harpies
  2 spectral wolf spiders (Spider:3)
  39 deep elf pyromancers
  A mana viper (shapeshifter) (Vaults:5)
  30 deep elf zephyrmancers
  9 cyclopes
  26 wolf spiders
  2 sphinx skeletons
  3 manticores
  4 orc sorcerers
  25 ugly things
  29 moths of wrath
  3 will-o-the-wisps
  An oklob plant (Lair:4)
  A shadow dragon skeleton (Vaults:2)
  2 iron dragon skeletons
  2 stone giant skeletons (Vaults:2)
  6 elephants
  2 black mambas (Lair:2)
  2 ice statues (Swamp:2)
  A frost giant skeleton (Vaults:2)
  4 orange demons
  A water nymph (shapeshifter) (Vaults:5)
  2 emperor scorpion simulacra (Spider:3)
  A dire elephant zombie (Crypt:3)
  8 human skeletons (Vaults:2)
  17 vault sentinels
  2 human zombies (Vaults:3)
  10 demonic crawlers
  A naga skeleton (Crypt:3)
  16 cane toads
  4 gargoyles
  3 storm dragon simulacra (IceCv)
  14 torpor snails
  A dire elephant skeleton (Crypt:3)
  2 efreet (D:14)
  6 unseen horrors
  A yaktaur zombie (Vaults:3)
  A grey draconian zombie (Crypt:1)
  A cane toad (shapeshifter) (Elf:2)
  3 kobold demonologists
  A tengu conjurer (Depths:1)
  A komodo dragon (shapeshifter) (D:13)
  3 freezing wraiths
  42 yaktaurs
  10 guardian mummies
  5 ice devils (Depths:1)
  2 tormentors
  A ghost moth simulacrum (Spider:3)
  12 komodo dragons
  A harpy zombie (Crypt:3)
  A death drake zombie (Crypt:2)
  3 golden dragon simulacra (IceCv)
  A yellow draconian skeleton (Crypt:3)
  A bloated husk (Swamp:3)
  A queen bee (D:8)
  15 meliai
  14 tyrant leeches
  5 trolls
  7 polar bears
  19 blink frogs
  An ice dragon zombie (Crypt:3)
  11 hornets
  3 harpy skeletons
  A fire dragon zombie (Crypt:1)
  2 spectral guardian serpents (Crypt:1)
  24 tarantellas
  A hellwing (Depths:1)
  A raiju (shapeshifter) (D:14)
  14 dream sheep
  Grinder (D:5)
  A hydra skeleton (Crypt:2)
  Sigmund (D:2)
  40 slime creatures
  2 air elementals
  16 culicivoras
  8 wraiths
  29 jumping spiders
  3 centaur simulacra
  2 shadows (Swamp:4)
  21 vampires
  A naga simulacrum (Crypt:1)
  43 yaks
  8 wyverns
  A large abomination (Swamp:4)
  A fire bat (D:8)
  A fire elemental (Elf:2)
  A golden eye (D:7)
  2 elf skeletons (Vaults:2)
  A human (shapeshifter) (Depths:2)
  44 redbacks
  A minotaur simulacrum (Crypt:1)
  5 basilisks
  2 steam dragons
  20 vampire mosquitoes
  An acid dragon (D:14)
  A spectral entropy weaver (Spider:3)
  2 two-headed ogre zombies (Crypt:1)
  20 swamp worms
  2 wargs
  An acid dragon (shapeshifter) (Depths:3)
  A naga (shapeshifter) (Depths:3)
  A harpy simulacrum (Crypt:1)
  A swamp worm (shapeshifter) (Depths:3)
  20 water moccasins
  A two-headed ogre skeleton (Crypt:2)
  A deep troll skeleton (Crypt:1)
  A floating eye (shapeshifter) (Vaults:5)
  A faun zombie (Crypt:2)
  2 swamp drakes
  An ice beast (D:15)
  2 sky beasts (D:7)
  A boulder beetle simulacrum (Lair:1)
  A black bear (Lair:1)
  10 wolves
  35 orc warriors
  6 boggarts
  4 ice dragon simulacra (IceCv)
  A tengu (D:8)
  8 ogres
  A manticore skeleton (Crypt:3)
  14 centaurs
  2 kobold brigands
  3 phantoms
  7 bullfrogs
  A scorpion (D:6)
  7 necrophages
  A gnoll sergeant (D:10)
  An entropy weaver simulacrum (Spider:3)
  An earth elemental (Elf:3)
  A komodo dragon skeleton (Crypt:1)
  7 wights
  A hornet simulacrum (D:15)
  8 lindwurm simulacra (IceCv)
  13 killer bees
  A yak skeleton (Crypt:3)
  3 howler monkeys (D:10)
  2 torpor snail simulacra (Lair:1)
  3 electric eels
  A crimson imp (Depths:1)
  A wolf skeleton (Crypt:1)
  5 hounds
  A fire crab simulacrum (Lair:1)
  A komodo dragon simulacrum (Lair:1)
  5 jellies
  16 orc priests
  A hound (shapeshifter) (Vaults:5)
  A basilisk skeleton (Crypt:1)
  5 iguanas
  23 orc wizards
  4 hell rats (Lair:3)
  A mummy (Crypt:1)
  3 adders
  14 gnolls
  5 shadow imps
  11 white imps
  5 ufetubi
  4 worms
  3 dart slugs
  74 orcs
  4 bats
  7 endoplasms
  2 giant cockroaches
  9 goblins
  6 hobgoblins
  A jackal (Sewer)
  5 quokkas
  8 ball pythons
  4 frilled lizards
  A goblin skeleton (Crypt:3)
  17 kobolds
  An orc zombie (Crypt:3)
  A quokka skeleton (Crypt:1)
  7 rats
  A butterfly (Lair:2)
2322 creatures vanquished.

Vanquished Creatures (collateral kills)
  Xtahua (Vaults:2)
  A caustic shrike (Depths:4)
  A golden dragon (IceCv)
  A deep elf blademaster (Elf:3)
  Mlioglotl (Spider:3)
  Frances (D:13)
  2 vault wardens (Vaults:5)
  A stone giant (Vaults:5)
  A black draconian (Zot:1)
  A deep elf annihilator (Elf:3)
  A mummy priest (Crypt:1)
  2 deep elf high priests (Elf:3)
  3 vault guards (Vaults:5)
  A peacekeeper (Vaults:4)
  A radroach (Spider:1)
  A jorogumo (Spider:4)
  A dancing weapon (Elf:2)
  A two-headed ogre (D:13)
  A spriggan berserker (Depths:2)
  A skeletal warrior (Crypt:2)
  A pharaoh ant (Spider:1)
  A bog body (Crypt:2)
  A deep elf pyromancer (D:13)
  A steelbarb worm (Spider:1)
  A wolf spider (Spider:4)
  3 ugly things
  A cyclops (Orc:1)
  A golden dragon simulacrum (IceCv)
  A troll (D:13)
  A tarantella (Spider:3)
  A culicivora (Spider:3)
  2 jumping spiders (Spider:4)
  4 redbacks (Spider:4)
  2 wargs (Orc:1)
  2 ice dragon simulacra (IceCv)
  A centaur (D:13)
  A necrophage (Swamp:3)
  2 orcs (Orc:1)
51 creatures vanquished.

Vanquished Creatures (others)
  A tentacled monstrosity (Zot:5)
  A draconian knight (Zot:1)
  2 bloated husks
  A swamp worm (Swamp:3)
  A white imp (Depths:1)
  12 foxfires
18 creatures vanquished.

Grand Total: 2391 creatures vanquished

Notes
Turn   | Place    | Note
-------+----------+-------------------------------------------
     0 | D:1      | Hi5aMiFi the Minotaur Berserker began the quest for the
                  | Orb.
     0 | D:1      | Reached XP level 1. HP: 19/19 MP: 0/0
   287 | D:1      | Reached skill level 1 in Polearms
   490 | D:1      | Reached XP level 2. HP: 25/27 MP: 1/1
  1061 | D:1      | Found a faded altar of an unknown god.
  1412 | D:2      | Reached XP level 3. HP: 34/34 MP: 2/2
  1547 | D:2      | Reached ** piety under Trog
  1551 | D:2      | Noticed Sigmund
  2759 | D:3      | Reached XP level 4. HP: 37/41 MP: 3/3
  3038 | D:3      | Reached skill level 1 in Throwing
  3297 | D:5      | Entered Level 5 of the Dungeon
  3412 | D:5      | Reached XP level 5. HP: 45/47 MP: 4/4
  3545 | D:5      | Reached skill level 5 in Fighting
  3653 | D:5      | Noticed Grinder
  3718 | D:5      | Reached skill level 5 in Armour
  3732 | D:5      | Reached XP level 6. HP: 41/56 MP: 5/5
  3781 | D:5      | Found a glowing drain.
  3797 | Sewer    | Entered a sewer
  3862 | Sewer    | Noticed a water moccasin
  3871 | Sewer    | Killed a water moccasin
  4335 | D:4      | Reached XP level 7. HP: 52/61 MP: 6/6
  4580 | D:4      | Reached *** piety under Trog
  4862 | D:5      | Reached skill level 5 in Polearms
  5148 | D:6      | Reached skill level 1 in Evocations
  5148 | D:6      | Reached XP level 8. HP: 71/71 MP: 7/7
  5251 | D:6      | Found Ulasoeff's Magic Scroll Shoppe.
  5298 | D:6      | Bought a scroll of identify for 22 gold pieces
  5298 | D:6      | Bought a scroll of magic mapping for 82 gold pieces
  5298 | D:6      | Bought a scroll of identify for 22 gold pieces
  5298 | D:6      | Bought a scroll of brand weapon for 104 gold pieces
  5986 | D:6      | Identified the +8 great sword "Igumnoki" {holy, Drain Str+4
                  | SInv}
  6454 | D:2      | Killed Sigmund
  6748 | D:5      | Killed Grinder
  6749 | D:5      | Reached XP level 9. HP: 79/79 MP: 8/8
  6815 | D:5      | Found a staircase to the Ecumenical Temple.
  7124 | D:7      | Found a snail-covered altar of Cheibriados.
  7124 | D:7      | Found a shimmering altar of Xom.
  7350 | D:8      | Noticed Psyche
  7365 | D:8      | Noticed Psyche
  7373 | D:8      | Killed Psyche the queen bee
  7421 | D:8      | Reached skill level 10 in Polearms
  7625 | D:8      | Found an opulent altar of Gozag.
  7803 | D:8      | Reached skill level 10 in Armour
  7850 | D:8      | Reached **** piety under Trog
  7966 | D:8      | Found a transporter.
  8211 | D:8      | Found a transporter.
  8214 | D:8      | Noticed a kobold demonologist
  8217 | D:8      | Noticed a kobold demonologist
  8233 | D:8      | Noticed a fire crab
  8783 | D:7      | Reached XP level 10. HP: 89/89 MP: 9/9
  9501 | D:9      | Noticed Amaemon
  9501 | D:9      | Noticed an orange demon
  9570 | D:9      | Noticed a two-headed ogre
 10000 | D:9      | Killed Amaemon
 10007 | D:9      | Killed an orange demon
 10237 | D:9      | Killed a two-headed ogre
 10247 | D:9      | Found a staircase to the Lair.
 10301 | D:10     | Entered Level 10 of the Dungeon
 10380 | D:10     | Noticed a gargoyle
 10396 | D:10     | Killed a gargoyle
 10467 | D:10     | Reached XP level 11. HP: 99/99 MP: 10/10
 10542 | D:10     | Found Zajis's Magic Scroll Boutique.
 10546 | D:10     | Bought a scroll of identify for 26 gold pieces
 10546 | D:10     | Bought a scroll of enchant weapon for 97 gold pieces
 10824 | D:9      | Reached skill level 10 in Fighting
 11975 | D:11     | Reached skill level 5 in Throwing
 12106 | D:11     | Found a staircase to the Orcish Mines.
 12518 | D:11     | Noticed Nergalle
 12576 | Lair:1   | Entered Level 1 of the Lair of Beasts
 12607 | D:9      | Reached skill level 15 in Polearms
 12681 | Lair:1   | Noticed Sonja
 12683 | Lair:1   | Identified the ring of Unnasa {Wiz Int+3}
 12690 | Lair:1   | Killed Sonja
 12690 | Lair:1   | Reached ***** piety under Trog
 12962 | Lair:1   | Reached XP level 12. HP: 107/107 MP: 11/11
 13020 | Lair:1   | Found a runed translucent gate.
 13020 | Lair:1   | Found a runed translucent gate.
 13021 | Lair:1   | Found a runed translucent gate.
 13023 | Lair:1   | Noticed AngryKot's ghost (journeyman OpDe)
 13067 | Lair:1   | Identified the +0 quarterstaff of the Warrior-Mage {heavy,
                  | rPois Int+3 SInv}
 13514 | Lair:2   | Noticed a boulder beetle
 13523 | Lair:2   | Killed a boulder beetle
 13683 | Lair:2   | Found a staircase to the Swamp.
 13820 | Lair:2   | Found a runed translucent door.
 13964 | Lair:2   | Noticed tmcgee265's ghost (journeyman DsHW)
 14093 | Lair:2   | Found a runed translucent door.
 14325 | Lair:3   | Found a hole to the Spider Nest.
 14597 | Lair:3   | Noticed a death yak
 14597 | Lair:3   | Noticed a death yak
 14624 | Lair:3   | Killed a death yak
 14632 | Lair:3   | Killed a death yak
 14653 | Lair:3   | Noticed a boulder beetle
 14663 | Lair:3   | Killed a boulder beetle
 14696 | Lair:3   | Noticed a catoblepas
 14707 | Lair:3   | Killed a catoblepas
 14869 | Lair:3   | Found the +3 giant club "Skullcrusher" {speed, Str+7}
 15000 | Lair:3   | Reached XP level 13. HP: 118/118 MP: 12/12
 15309 | Lair:3   | Received a gift from Trog
 15639 | Lair:4   | Found a viscous altar of Jiyva.
 15639 | Lair:4   | Found a staircase to the Slime Pits.
 16613 | Lair:5   | Entered Level 5 of the Lair of Beasts
 16973 | Lair:5   | Reached skill level 15 in Armour
 17620 | Lair:5   | Reached XP level 14. HP: 130/130 MP: 13/13
 18022 | Lair:5   | Found a runed translucent door.
 18400 | Lair:5   | Received a gift from Trog
 19185 | D:11     | Found a sparkling altar of Nemelex Xobeh.
 19308 | D:11     | Killed Nergalle
 19478 | D:6      | Bought a scroll of acquirement for 572 gold pieces
 19478 | D:6      | Acquired the +1 pair of boots "Kuroadut" {Drain rElec rC+
                  | rN+++}
 20826 | D:13     | Noticed an ironbound preserver
 20842 | D:13     | Killed an ironbound preserver
 21140 | D:13     | Found a gate to the Vaults.
 21247 | D:13     | Reached skill level 15 in Fighting
 21248 | D:13     | Acquired a +0 demon trident of flaming
 21325 | D:13     | Reached skill level 5 in Evocations
 21423 | D:13     | You fall into a shaft and drop 2 floors!
 21423 | D:15     | Entered Level 15 of the Dungeon
 21457 | D:13     | Noticed Frances
 21736 | D:13     | Killed Frances
 22095 | D:14     | Reached skill level 1 in Shields
 22107 | D:14     | Noticed Josephine
 22181 | D:14     | Killed Josephine
 22682 | D:14     | Reached XP level 15. HP: 123/143 MP: 14/14
 22942 | Orc:1    | Entered Level 1 of the Orcish Mines
 22974 | Orc:1    | Found Puatilo's Weapon Boutique.
 23217 | D:10     | Bought a scroll of teleportation for 39 gold pieces
 23281 | Orc:2    | Entered Level 2 of the Orcish Mines
 23424 | Orc:2    | Found a radiant altar of Vehumet.
 23669 | Orc:2    | Found a staircase to the Elven Halls.
 23789 | Orc:2    | Identified the +10 great mace of Anguish {heavy, Fly rPois
                  | rCorr Dex+3} (Trog gifted it to you on level 2 of the
                  | Orcish Mines)
 23789 | Orc:2    | Received a gift from Trog
 23886 | Orc:2    | Reached skill level 5 in Shields
 24508 | Orc:2    | Found Erphip's Antique Weapon Emporium.
 24508 | Orc:2    | Found Hokhy's Armour Boutique.
 24510 | Orc:2    | Found Katuvis's General Store.
 24512 | Orc:2    | Found Anaucs's Assorted Antiques.
 24521 | Orc:2    | Bought a scroll of fog for 48 gold pieces
 24521 | Orc:2    | Bought a scroll of teleportation for 36 gold pieces
 24526 | Orc:2    | Bought a polished plate armour for 784 gold pieces
 24526 | Orc:2    | Identified the +3 plate armour of Crawling {rElec Slay+3}
                  | (You bought it in a shop on level 2 of the Orcish Mines)
 24918 | Lair:2   | Killed tmcgee265's ghost
 25024 | Lair:1   | Killed AngryKot's ghost
 25270 | Lair:5   | Reached skill level 5 in Maces & Flails
 25609 | Lair:5   | Identified the +8 sling "Kudduh" {elec, rElec rF+ Int+3}
 26222 | D:8      | Received a gift from Trog
 26427 | Spider:1 | Entered Level 1 of the Spider Nest
 26448 | Spider:1 | Noticed an emperor scorpion
 26460 | Lair:3   | Killed an emperor scorpion
 27594 | Spider:1 | Reached skill level 10 in Maces & Flails
 28205 | Spider:1 | Acquired a manual of Maces & Flails
 28224 | Spider:1 | You fall into a shaft and drop 1 floor!
 28468 | Spider:1 | Noticed Asterion
 28485 | Spider:1 | Killed Asterion
 28486 | Spider:1 | Reached XP level 16. HP: 102/152 MP: 15/15
 29351 | Spider:2 | Reached skill level 15 in Maces & Flails
 29368 | Spider:2 | Received a gift from Trog
 29428 | Spider:2 | Identified the +1 scimitar of Reacia {antimagic, Dex+3}
 29885 | Spider:2 | Noticed Arachne
 30093 | Spider:2 | Noticed Donald
 30100 | Spider:2 | Killed Donald
 30278 | Spider:2 | Killed Arachne
 31252 | Swamp:1  | Entered Level 1 of the Swamp
 31982 | Swamp:1  | Noticed Roxanne
 32046 | Swamp:2  | Found a frozen archway.
 32127 | IceCv    | Entered an ice cave
 32597 | IceCv    | Received a gift from Trog
 32898 | IceCv    | Noticed a golden dragon
 33085 | IceCv    | Identified the ring of Heresy {rN+ rCorr Stlth+}
 33170 | IceCv    | Killed a golden dragon
 33714 | D:10     | Bought a scroll of enchant armour for 97 gold pieces
 33920 | Swamp:1  | Identified the +1 plate armour of Reason {rC++}
 34330 | Swamp:2  | Found a glowing golden altar of the Shining One.
 34762 | Swamp:2  | Reached XP level 17. HP: 160/160 MP: 16/16
 35039 | Swamp:3  | Reached skill level 10 in Shields
 35246 | Swamp:3  | Noticed a tentacled monstrosity
 35255 | Swamp:3  | Killed a tentacled monstrosity
 35899 | Swamp:3  | Acquired a +2 tower shield of protection
 36083 | Swamp:4  | Entered Level 4 of the Swamp
 36581 | Swamp:4  | Noticed a tentacled monstrosity
 36589 | Swamp:4  | Killed a tentacled monstrosity
 36652 | Swamp:4  | Identified the +7 war axe "Foucoy" {flame, rN+ Int-2 Dex+2}
 36718 | Swamp:4  | Received a gift from Trog
 37704 | Swamp:4  | Noticed a tentacled monstrosity
 37719 | Swamp:4  | Killed a tentacled monstrosity
 37775 | Swamp:4  | Got a decaying rune of Zot
 38165 | D:14     | Reached skill level 15 in Shields
 38901 | Orc:2    | Bought a +0 cloak of willpower for 126 gold pieces
 39047 | Vaults:1 | Entered Level 1 of the Vaults
 39323 | Vaults:1 | Identified the +7 chain mail of the Orcish Mines {rN+
                  | Slay+3 Stlth+}
 39563 | Vaults:1 | Reached XP level 18. HP: 170/170 MP: 17/17
 40029 | Spider:3 | Identified the ring of Mibluk {Fire rElec Int+2 Dex-3 SInv}
 40242 | Spider:3 | Noticed Bai Suzhen
 40267 | Spider:2 | Killed Bai Suzhen
 40415 | Spider:3 | Identified the +4 demon trident of the Wasteland {flame,
                  | rN+ Str+5 SInv} (Trog gifted it to you on level 3 of the
                  | Spider Nest)
 40415 | Spider:3 | Received a gift from Trog
 40571 | Spider:3 | Found a transporter.
 40577 | Spider:3 | Noticed Natenado's ghost (adept DjFE)
 40603 | Spider:3 | Found a transporter.
 41101 | Spider:4 | Entered Level 4 of the Spider Nest
 41101 | Spider:4 | Noticed Aizul
 41303 | Spider:4 | Noticed Mlioglotl
 41429 | Spider:3 | Killed Mlioglotl
 42179 | Spider:4 | Received a gift from Trog
 42955 | Spider:4 | Killed Aizul
 43720 | Spider:4 | Got a gossamer rune of Zot
 43899 | Spider:4 | Noticed Agnes
 43905 | Spider:4 | Killed Agnes
 44774 | Vaults:1 | Reached XP level 19. HP: 176/181 MP: 18/18
 44934 | Vaults:1 | Found Ydem Hosym's Distillery.
 44958 | Vaults:1 | Bought a potion of curing for 36 gold pieces
 44958 | Vaults:1 | Bought 2 potions of curing for 72 gold pieces
 44958 | Vaults:1 | Bought a potion of heal wounds for 60 gold pieces
 44958 | Vaults:1 | Bought a potion of berserk rage for 60 gold pieces
 45034 | Vaults:1 | Received a gift from Trog
 46000 | Vaults:2 | Noticed Xtahua
 46011 | Vaults:2 | Killed Xtahua
 46308 | Vaults:2 | Received a gift from Trog
 46618 | Vaults:2 | Found a staircase to the Crypt.
 46834 | Vaults:2 | Found Hoveisos's Armour Boutique.
 47731 | Vaults:3 | Reached ****** piety under Trog
 47731 | Vaults:3 | Received a gift from Trog
 48641 | Vaults:3 | Reached XP level 20. HP: 186/195 MP: 19/19
 48973 | Vaults:3 | Identified the +7 flail of Chagrin {heavy, Str+2} (Trog
                  | gifted it to you on level 3 of the Vaults)
 48973 | Vaults:3 | Received a gift from Trog
 49444 | Vaults:4 | Found Suos's Magic Scroll Emporium.
 49447 | Vaults:4 | Bought a scroll of magic mapping for 127 gold pieces
 49447 | Vaults:4 | Bought a scroll of blinking for 127 gold pieces
 49447 | Vaults:4 | Bought a scroll of blinking for 127 gold pieces
 49447 | Vaults:4 | Bought a scroll of blinking for 127 gold pieces
 50068 | Vaults:4 | Received a gift from Trog
 50177 | Vaults:4 | Noticed a dread lich
 50190 | Vaults:4 | Killed a dread lich
 51496 | D:15     | Received a gift from Trog
 52152 | D:15     | Found a staircase to the Depths.
 52349 | D:6      | Bought a scroll of poison for 44 gold pieces
 52349 | D:6      | Bought a scroll of immolation for 44 gold pieces
 52615 | Spider:3 | Killed Natenado's ghost
 52643 | Spider:3 | Identified the +0 spear of the Gazing Lamprey {drain, Drain
                  | rPois Str+3 Int+3}
 52822 | Swamp:1  | Killed Roxanne
 52963 | D:10     | Bought a scroll of brand weapon for 123 gold pieces
 52963 | D:10     | Bought a scroll of vulnerability for 52 gold pieces
 53063 | Orc:2    | Bought a wand of iceblast (5) for 336 gold pieces
 53125 | Elf:1    | Entered Level 1 of the Elven Halls
 53156 | Elf:1    | Found a radiant altar of Vehumet.
 53194 | Elf:1    | Reached XP level 21. HP: 207/207 MP: 6/20
 53909 | Elf:1    | Received a gift from Trog
 53961 | Elf:1    | Found Ytyma's Assorted Antiques.
 54252 | Elf:1    | Reached skill level 10 in Throwing
 54783 | Elf:2    | Found a runed translucent gate.
 54783 | Elf:2    | Found a runed translucent gate.
 54784 | Elf:2    | Found a runed translucent gate.
 55092 | Elf:2    | Identified the ring "Husiq" {Will+ Dex+6}
 55209 | Elf:2    | Received a gift from Trog
 55946 | Elf:3    | Entered Level 3 of the Elven Halls
 55991 | Elf:3    | Found a portal to a secret trove of treasure.
 56039 | Elf:3    | Found a flickering gateway to a bazaar.
 56072 | Bazaar   | Entered a bazaar
 56073 | Bazaar   | Found Luvvaw's Weapon Shoppe.
 56076 | Bazaar   | Found Icheumm's Book Shoppe.
 56085 | Bazaar   | Found Huwizo's Jewellery Shoppe.
 56112 | Bazaar   | Found Jeuts's Antique Armour Boutique.
 56136 | Bazaar   | Bought a pair of glowing gloves for 195 gold pieces
 56161 | Bazaar   | Bought the ring "Koexi Lialu" {Will+ rCorr Str+6} for 704
                  | gold pieces
 56475 | Elf:3    | Identified the +12 flail of Fysche {heavy, Int+7}
 56478 | Elf:3    | Received a gift from Trog
 56769 | Elf:3    | Identified the +0 mace of Darchid {drain, *Corrode rPois
                  | Str+2}
 56800 | Elf:3    | Identified the staff of poison "Tuckakk" {*Slow rPois rN+
                  | MP+9 Str+3}
 56884 | Elf:3    | Identified the ring "Yhablukee" {Drain Fly rElec rCorr
                  | MP+9}
 57186 | Elf:3    | Received a gift from Trog
 57459 | Elf:3    | Identified the +7 trident of Judgement {flame, rN+ Will-
                  | Dex+2}
 57459 | Elf:3    | Identified the ring of Vamuiz {Ice Drain rCorr Int+9
                  | Stlth-}
 57692 | Elf:3    | Identified the +6 pearl dragon scales of Eternal Vigilance
                  | {rC+ rN+}
 57693 | Elf:3    | Identified the staff of poison "Jucutoit" {rElec rPois
                  | Int+2}
 57696 | Elf:3    | Identified the +3 plate armour of the Lily {rElec Str+4}
 57697 | Elf:3    | Identified the staff of poison "Vaerec" {rPois rF+}
 57698 | Elf:3    | Identified the staff of conjuration "Jumekh" {Str+5 Int+2}
 57725 | Elf:3    | Found the +7 great mace "Undeadhunter" {deathbane, rN+}
 58152 | Crypt:1  | Entered Level 1 of the Crypt
 58376 | Crypt:1  | Reached XP level 22. HP: 217/217 MP: 7/21
 59209 | Crypt:1  | Received a gift from Trog
 59341 | Crypt:1  | Noticed Khufu
 59360 | Crypt:1  | Killed Khufu
 60488 | Crypt:2  | Received a gift from Trog
 60754 | Crypt:3  | Entered Level 3 of the Crypt
 61238 | Crypt:3  | Found a staircase to the Tomb.
 61335 | Crypt:3  | Received a gift from Trog
 62494 | Crypt:3  | Received a gift from Trog
 63124 | Crypt:3  | Identified the +2 helmet of Poriotoh {rElec}
 63375 | Vaults:1 | Bought a potion of mutation for 96 gold pieces
 63623 | Elf:1    | Bought a potion of curing for 78 gold pieces
 63623 | Elf:1    | Bought a potion of curing for 78 gold pieces
 63623 | Elf:1    | Bought a potion of curing for 78 gold pieces
 63766 | Orc:2    | Bought a potion of mutation for 224 gold pieces
 64467 | Depths:1 | Entered Level 1 of the Depths
 64467 | Depths:1 | Found a gateway to Hell.
 64478 | Depths:1 | Reached XP level 23. HP: 234/234 MP: 7/22
 64668 | Depths:1 | Received a gift from Trog
 64826 | Depths:1 | Found a one-way gate to the infinite horrors of the Abyss.
 64922 | Depths:1 | Found a stormy altar of Qazlal.
 65007 | Depths:1 | Reached skill level 15 in Throwing
 65135 | Depths:1 | Identified the +2 robe "Pibuqiov" {*Slow Dex+6}
 65316 | Depths:1 | Found a one-way gate leading to the halls of Pandemonium.
 65339 | Depths:1 | Identified the +1 leather armour of Follow the Leader {rF+
                  | Int+4}
 65552 | Depths:2 | Found a one-way gateway to a ziggurat.
 65585 | Depths:2 | Received a gift from Trog
 65979 | Depths:2 | Noticed a caustic shrike
 65991 | Depths:2 | Killed a caustic shrike
 66798 | Depths:2 | Found a corrupted altar of Lugonu.
 66814 | Depths:2 | Noticed Mara
 66827 | Depths:2 | Noticed Hi5aMiFi's illusion
 66832 | Depths:2 | Killed Mara
 66979 | Depths:2 | Found Weva's Jewellery Shop.
 66981 | Depths:2 | Found Nuegg's Book Emporium.
 66982 | Depths:2 | Found Isuxt's Jewellery Shop.
 67052 | Depths:3 | Found Zetoh's Antique Weapon Shop.
 67192 | Depths:3 | Found Wuxipof's Jewellery Boutique.
 67214 | Depths:3 | Noticed Louise
 67233 | Depths:3 | Killed Louise
 69092 | Depths:3 | Received a gift from Trog
 69262 | Depths:4 | Entered Level 4 of the Depths
 69319 | Depths:4 | Noticed a caustic shrike
 69319 | Depths:4 | Noticed a caustic shrike
 69319 | Depths:4 | Noticed a caustic shrike
 69319 | Depths:4 | Noticed a caustic shrike
 69320 | Depths:4 | Noticed a caustic shrike
 69329 | Depths:4 | Killed a caustic shrike
 69329 | Depths:4 | Killed a caustic shrike
 69331 | Depths:4 | Killed a caustic shrike
 69334 | Depths:4 | Killed a caustic shrike
 69344 | Depths:4 | Killed a caustic shrike
 69439 | Depths:4 | Reached XP level 24. HP: 227/242 MP: 7/22
 69471 | Depths:4 | Noticed a juggernaut
 69489 | Depths:4 | Killed a juggernaut
 70214 | Depths:4 | Found an ornate altar of the Wu Jian Council.
 70264 | Depths:4 | Found a gate to the Realm of Zot.
 70642 | Vaults:5 | Entered Level 5 of the Vaults
 70649 | Vaults:5 | Received a gift from Trog
 70775 | Vaults:5 | Found Jafippuz's Armour Shoppe.
 70791 | Vaults:5 | Identified the ring "Pyiwnaim" {Fly rF+ Will++ MP+9 Int+2}
 70798 | Vaults:5 | Identified the +1 robe of the Great Game {Drain Str+8
                  | Dex+4}
 70818 | Vaults:5 | Identified the staff of earth "Wugubic" {Str+2 Dex+4}
 70819 | Vaults:5 | Identified the +0 long sword of Bloodstone {freeze, rElec
                  | Int+4 SInv Stlth+}
 70993 | Vaults:5 | Identified the ring of Doan {Fire rPois Int+4 Stlth+}
 71002 | Vaults:5 | Identified the +4 lajatang of Qaithroy {vamp, MP+9}
 71043 | Vaults:5 | Identified the +8 war axe of Nef Hec {elec, Str+2}
 71408 | Vaults:5 | Received a gift from Trog
 71517 | Vaults:5 | Identified the staff of poison "Patitrofic" {rPois rF-
                  | Dex+3 Stlth+}
 71519 | Vaults:5 | Identified the +0 ring mail "Ocyckubb" {+Blink rPois Regen+
                  | Str-4}
 71942 | Vaults:5 | Identified the +5 dagger of Peace {elec, rCorr}
 71968 | Vaults:5 | Received a gift from Trog
 71982 | Vaults:5 | Identified the +2 robe of the Tundras {rPois rC+}
 71996 | Vaults:5 | Noticed an ancient lich
 72010 | Vaults:5 | Killed an ancient lich
 72345 | Vaults:5 | Got a silver rune of Zot
 72445 | Vaults:5 | Reached skill level 27 in Fighting
 73116 | Crypt:2  | Identified the staff of poison "Kampeubb" {rElec rPois
                  | Str+3 Dex+2}
 73433 | Depths:3 | Bought the amulet of Xauff {Contam Regen+ Dex+5} for 544
                  | gold pieces
 73511 | Zot:1    | Entered Level 1 of the Realm of Zot
 73563 | Zot:1    | Reached XP level 25. HP: 243/257 MP: 7/22
 74486 | Elf:3    | You paid a toll of +2 storm dragon scales to enter a
                  | treasure trove
 74487 | Trove    | Entered a treasure trove
 74489 | Trove    | Found the +2 cloak of the Thief {*Fog Slay-2 SInv Stlth+}
 74490 | Trove    | Found the +1 cloak of Starlight {*Dazzle EV+4 Stlth--}
 74491 | Trove    | Identified the scarf of the Equinox {harm, +Blink rElec
                  | rCorr Int-3}
 74498 | Trove    | Identified the +2 pair of boots of Boiling Hail {rElec
                  | Will- Stlth+}
 74499 | Trove    | Identified the +0 cloak "Ugoosudi" {rN++}
 74501 | Trove    | Identified the scarf of Piyf {rC+ rF+, rElec Int+3 Dex+2}
 74505 | Trove    | Identified the +14 crystal plate armour "Ugesyps" {rElec
                  | Str+2 Int+2}
 74507 | Trove    | Identified the +0 ring mail of the Desert {rCorr Dex+2}
 74510 | Trove    | Identified the +12 crystal plate armour of Honour {rCorr
                  | Int+3}
 74512 | Trove    | Identified the +8 kite shield of the Blind Marksman {rElec
                  | Dex+3}
 74513 | Trove    | Identified the +1 plate armour of the Pits of Slime {rPois
                  | rC+ Int-3}
 76681 | Zot:2    | Identified the ring "Hesoec" {rElec Will+ Str+3}
 76683 | Zot:2    | Noticed Grunn
 76683 | Zot:2    | Noticed an orb of fire
 76702 | Zot:2    | Killed an orb of fire
 76728 | Zot:2    | Killed Grunn
 76769 | Zot:2    | Reached skill level 27 in Armour
 77497 | Zot:2    | Noticed a Killer Klown
 77506 | Zot:2    | Killed a Killer Klown
 77605 | Zot:2    | Reached skill level 27 in Shields
 78108 | Zot:3    | Noticed an orb of fire
 78116 | Zot:3    | Gained mutation: You expend magic power (3 MP) to
                  | strengthen your wands. [an orb of fire]
 78124 | Zot:3    | Killed an orb of fire
 78264 | Zot:3    | Reached XP level 26. HP: 266/266 MP: 7/22
 78267 | Zot:3    | Received a gift from Trog
 79056 | Zot:4    | Reached skill level 10 in Evocations
 79752 | Zot:4    | Noticed an orb of fire
 79765 | Zot:4    | Killed an orb of fire
 80098 | Zot:5    | Entered Level 5 of the Realm of Zot
 80176 | Zot:5    | Received a gift from Trog
 80444 | Zot:5    | Noticed an orb of fire
 80632 | Zot:5    | Reached XP level 27. HP: 273/273 MP: 7/22
 80722 | Zot:5    | Noticed a dread lich
 80732 | Zot:5    | Killed a dread lich
 80795 | Zot:5    | Noticed an orb of fire
 80796 | Zot:5    | Noticed an ancient lich
 80799 | Zot:5    | Noticed an orb of fire
 80803 | Zot:5    | Killed an orb of fire
 80804 | Zot:5    | Killed an ancient lich
 80804 | Zot:5    | Noticed an orb of fire
 80804 | Zot:5    | Noticed an orb of fire
 80805 | Zot:5    | Noticed an orb of fire
 80805 | Zot:5    | Gained mutation: Potions are less effective at restoring
                  | your health. [an orb of fire]
 80808 | Zot:5    | Noticed an orb of fire
 80812 | Zot:5    | Killed an orb of fire
 80813 | Zot:5    | Reached skill level 5 in Dodging
 80814 | Zot:5    | Killed an orb of fire
 80814 | Zot:5    | Noticed an orb of fire
 80820 | Zot:5    | Killed an orb of fire
 80825 | Zot:5    | Killed an orb of fire
 80826 | Zot:5    | Killed an orb of fire
 80826 | Zot:5    | Gained mutation: You are weak. (Str -2) [an orb of fire]
 80828 | Zot:5    | Gained mutation: Armour fits poorly on your strangely
                  | shaped body. [an orb of fire]
 80830 | Zot:5    | Noticed an ancient lich
 80840 | Zot:5    | Killed an orb of fire
 80849 | Zot:5    | Killed an ancient lich
 81053 | Zot:5    | Lost mutation: Potions are less effective at restoring your
                  | health. [potion of mutation]
 81053 | Zot:5    | Lost mutation: You are weak. (Str -2) [potion of mutation]
 81053 | Zot:5    | Lost mutation: Armour fits poorly on your strangely shaped
                  | body. [potion of mutation]
 81053 | Zot:5    | Gained mutation: Your magical capacity is low. (-10% MP)
                  | [potion of mutation]
 81053 | Zot:5    | Gained mutation: You are agile. (Dex +4, Str/Int -1)
                  | [potion of mutation]
 81804 | Zot:5    | Got the Orb of Zot
 82052 | D:15     | Noticed Fukh the pandemonium lord
 82301 | D:$      | Escaped with the Orb!

Illustrated notes

Levels and vault maps discovered:
D:1:      lightli_arrival_statue_moat, layout_basic,
          dreamdust_ecumenical_altar_hidden_monk_grotto, minmay_hedge_maze,
          wander_ebering_terrifying_dragon_lair
D:2:      minmay_diamond_boxcup, layout_basic, glass_columns_b, uniq_sigmund
D:3:      layout_basic
D:4:      layout_basic, hangedman_decor_push
D:5:      layout_basic, minmay_temple_entry_ruins, portal_sewer_entry_b,
          chequers_jeans, uniq_grinder
D:6:      layout_gridville, serial_shops, nicolae_shop_statue_plus
D:7:      layout_rooms, gammafunk_temple_overflow_statue, st_stairs_14,
          nrook_mini_vaults
D:8:      gammafunk_wand_slinger, layout_loops_ring, nicolae_gozag_seed_capital,
          minmay_door_square, uniq_psyche
D:9:      layout_loops_ring, minmay_lair_entry_grove, uniq_amaemon
D:10:     layout_basic, serial_ice, serial_ice_g, serial_ice_l, serial_ice_f,
          serial_ice_n, serial_shops, nicolae_shop_back_alley_shop,
          hangedman_abyss_or_decor_lesser_grid
D:11:     layout_irregular_city, david_orc_3, nemelex_spade_bored_becter,
          uniq_nergalle
D:12:     layout_stronghold
D:13:     layout_cave_pods, skrybe_vaults_entry_preservation, uniq_frances
D:14:     wad_statue_garden, layout_rooms, minmay_stone_trees_medium,
          nicolae_elevator_lobby_asterisk, uniq_josephine
D:15:     grunt_enter_depths_snipers, layout_rooms,
          chequers_serial_rivers_room_b, serial_ice, serial_ice_j, serial_ice_g,
          serial_ice_b, serial_ice_m, serial_ice_c, serial_ice_e, serial_ice_h,
          serial_ice_o, minmay_misc_feat_pillars
Lair:1:   layout_cave_shapes, gammafunk_ghost_necromancy, uniq_sonja
Lair:2:   dreamdust_labyrinth, layout_cave_shapes, swamp_mist_pool,
          hellmonk_ghost_happy_afterlife, grunt_megastairs_1,
          lemuel_fruit_fields, infiniplex_staircase_pool
Lair:3:   layout_misc_corridors, dummy_spider_entry, minivault_26,
          nicolae_lair_lil_pond
Lair:4:   layout_cellular_growth, dpeg_slime_entry_enclosed
Lair:5:   hangedman_lair_in_review, layout_regular_city, wormcave
Swamp:1:  layout_basic_swamp, evilmike_swamp_ruin_house_1, swamp_pool1,
          worms_lemuel, infiniplex_staircase_pool_2, uniq_roxanne
Swamp:2:  layout_basic_swamp, portal_ice_cave_entry_ice_statue_two,
          nicolae_swamp_godswood
Swamp:3:  layout_falls_marsh, nicolae_swamp_tree_isthmus, swamp_pool4
Swamp:4:  swamp_vile, layout_basic_swamp
Spider:1: layout_spider_delve, uniq_asterion
Spider:2: layout_cave_pods, nicolae_spider_stair_cavern, uniq_donald,
          uniq_arachne
Spider:3: layout_spider_delve, gammafunk_ghost_mausoleum, drop_trap,
          uniq_bai_suzhen
Spider:4: johnstein_spider_rune_arachne_lair, uniq_mlioglotl, uniq_agnes,
          uniq_aizul
Orc:1:    layout_diamond_mine, serial_shops, nicolae_shop_bloodbath_and_beyond
Orc:2:    st_orc_rangers, layout_diamond_mine, basic_altar
Elf:1:    eino_elf_arrival_altar, layout_geoelf_grid, serial_shops,
          nicolae_shop_window_shopping, minmay_elf_sorcery,
          nicolae_elf_big_sculpture_3, grunt_megastairs_5
Elf:2:    elven_hall_of_blades_hangedman_original [nicolae_blade_lattice],
          layout_gridlike, hangedman_glass_teeth
Elf:3:    grunt_elf_hall_branching, layout_loops_cross,
          nicolae_trove_entry_isolated, serial_shops, bzr_entry_water,
          minivault_16
Vaults:1: ontoclasm_vaults_ring_small, nicolae_vaults_triangles,
          nicolae_vaults_lopsided_apartments,
          nicolae_vaults_trapezoid_lopsided_1, hangedman_vaults_restitches,
          hangedman_vaults_restitches, nicolae_vaults_ring_of_whatevers,
          nicolae_vaults_wine_cellar, nicolae_vaults_network_quincunx
          [nicolae_vaults_network_quincunx_subvault,
          nicolae_vaults_network_quincunx_subvault,
          nicolae_vaults_network_quincunx_subvault,
          nicolae_vaults_network_quincunx_subvault,
          nicolae_vaults_network_quincunx_subvault],
          nicolae_vaults_little_squares_4, grunt_vaults_diagonal,
          nicolae_vaults_twisting_passages, layout_vaults_omnibox, serial_shops,
          shop
Vaults:2: vaults_dpeg_hooks, v_alt_pattern_6,
          minmay_crypt_entry_skeletal_spiral, nicolae_vaults_three_branches,
          nicolae_vaults_oval_intersection, nicolae_vaults_tetromino_T_1,
          nicolae_vaults_little_squares_3, vaults_room_hangedman_quadrants,
          nicolae_vaults_trapezoid_3, ontoclasm_vaults_hangar,
          grunt_vaults_focal, ontoclasm_vaults_ligature,
          nicolae_vaults_rhombus_6, vaults_dpeg_diagonal, v_misc_15,
          layout_vaults_ring, serial_shops, nicolae_shop_stone, uniq_xtahua
Vaults:3: st_smaller_cells, nicolae_vaults_asterisk,
          hangedman_vaults_variations, nicolae_vaults_little_squares_1,
          nicolae_vaults_diagonal_hallway_6, hangedman_vaults_river_flow,
          v_misc_3, grunt_vaults_hallway_long, nicolae_vaults_border_crossing,
          vaults_room_door_hall, layout_vaults_omnigrid
Vaults:4: dpeg_vaults_monster_box, v_alt_pattern_1, st_quartered_hall,
          nicolae_vaults_ninety_degrees, nicolae_vaults_tangram_1,
          ontoclasm_vaults_idyll, ontoclasm_vaults_ring_large,
          nicolae_vaults_alarming, nicolae_vaults_little_ls,
          ontoclasm_vaults_idyll, nicolae_vaults_double_plus_1,
          nicolae_vaults_yaktaur_gun_rack, nicolae_vaults_tetromino_T_1,
          nicolae_vaults_closet_pinwheel_6, layout_vaults_omnicross,
          serial_shops, nicolae_shop_just_a_little_nook
Vaults:5
Crypt:1:  ragdoll_tomb_raider, layout_misc_corridors, grunt_ministairs_13,
          nrook_guardian_serpent_ordinary, grunt_crypt_arrival_split
Crypt:2:  layout_rooms, due_unseen_surprise
Crypt:3:  due_elkab, layout_chaotic_city, tomb_entry_simple_bobbens,
          st_stairs_13
Depths:1: layout_long_grid, nicolae_qazlal_scattered_showers,
          hangedman_abyss_entry_splay, rand_demon_pan_entry_5, hell_entry,
          chequers_serial_rivers_micro_d, minmay_fire_ice_demons
Depths:2: hangedman_arch_fort, layout_gridlike, enter_ziggurat_e, pan_entry,
          hell_entry, abyss_entry_flame_altar, minmay_shop_grove,
          minmay_staircase_statues, serial_bayou_shore_b, uniq_mara
Depths:3: kennysheep_snake, layout_basic,
          nicolae_abyss_entry_one_way_or_another, grunt_mini_vestibule,
          kennysheep_generic_room_15, minmay_shoptagon
Depths:4: grunt_x_marks_the_spot, layout_gridlike,
          chequers_serial_rivers_micro_d, pf_hell_entry_great_geh,
          pdpol_wu_jian_five_deadly_venoms
Zot:1:    layout_twisted_circle, skrybe_zot_glass_2
Zot:2:    grunt_zot_stairs_mandelzot, layout_concentric_octagons,
          uniq_josephina, uniq_grunn
Zot:3:    layout_misc_corridors
Zot:4:    layout_basic, grunt_megastairs_3
Zot:5:    layout_gridlike, nrook_zot_tub

Skill      XL: |  1  2  3  4  5  6  7  8  9 10 11 12 13 14 15 16 17 18 19 20 21 22 23 24 25 26 27 |
---------------+----------------------------------------------------------------------------------+-----
Fighting       | 4 5 6 7 8 9 10 12 13 15 16 17 18 20 22 25 27 | 27.0
Polearms       | 1 2 3 5 8 11 13 15 17 19 20 | 20.0
Armour         | 3 4 5 7 8 10 11 12 13 15 16 20 22 24 25 27 | 27.0
Throwing       | 1 2 4 5 7 8 12 14 16 19 22 | 22.0
Evocations     | 1 2 5 8 10 | 10.1
Dodging        | 3 5 |  5.0
Shields        | 3 5 9 16 19 22 23 25 27 | 27.0
Maces & Flails | 12 19 20 | 20.0

Action                     |  1- 3 |  4- 6 |  7- 9 | 10-12 | 13-15 | 16-18 | 19-21 | 22-24 | 25-27 || total
---------------------------+-------+-------+-------+-------+-------+-------+-------+-------+-------++-------
  Melee: Mace              |    60 |       |       |       |       |       |       |       |       ||    60
         Headbutt          |    11 |    15 |    31 |    70 |   192 |   268 |   435 |   597 |   474 ||  2093
         Punch             |     2 |       |     2 |       |       |       |       |       |       ||     4
         Trident           |    30 |   120 |   253 |       |       |       |       |       |       ||   403
         Glaive            |       |       |    26 |   461 |   869 |       |       |       |       ||  1356
         Quarterstaff      |       |       |       |       |   152 |   186 |       |       |       ||   338
         Demon trident     |       |       |       |       |       |   986 |  1160 |       |       ||  2146
         Great mace        |       |       |       |       |       |    50 |       |       |       ||    50
         Bardiche          |       |       |       |       |       |     4 |       |       |       ||     4
         Eveningstar       |       |       |       |       |       |       |   606 |  1895 |  1299 ||  3800
  Throw: Stone             |       |    18 |    23 |       |       |       |       |       |       ||    41
         Javelin           |       |    14 |     9 |     3 |     2 |     3 |     7 |    12 |    28 ||    78
         Throwing net      |       |     2 |       |       |     4 |       |       |       |       ||     6
         Boomerang         |       |       |    12 |    38 |    82 |   153 |    48 |    68 |    76 ||   477
         Dart              |       |       |       |    37 |    45 |    72 |       |       |       ||   154
 Invoke: Berserk           |     1 |     2 |     1 |     4 |       |       |       |       |       ||     8
         Trog's Hand       |       |     5 |     4 |     6 |     8 |     3 |    22 |     2 |     4 ||    54
         Brothers in Arms  |       |       |       |       |     6 |     9 |     6 |     6 |     1 ||    28
  Evoke: Wand              |       |       |    24 |    11 |    13 |    35 |    11 |     4 |    18 ||   116
         Condenser vane    |       |       |       |       |     1 |       |     2 |     1 |     2 ||     6
         Box of beasts     |       |       |       |       |       |     1 |       |     1 |       ||     2
         Phial of floods   |       |       |       |       |       |     1 |     1 |     2 |       ||     4
         Phantom mirror    |       |       |       |       |       |     1 |     1 |     1 |       ||     3
    Use: Scroll            |     7 |     2 |    13 |    17 |    13 |    15 |    10 |    18 |    11 ||   106
         Potion            |       |     3 |       |     2 |     9 |    13 |     4 |    10 |    19 ||    60
   Stab: Paralysed         |       |       |     6 |     6 |       |     5 |     7 |     2 |     6 ||    32
         Distracted        |       |       |       |     1 |       |     1 |     1 |       |       ||     3
         Petrified         |       |       |       |     2 |       |       |       |       |       ||     2
         Held in net/web   |       |       |       |       |     1 |       |       |       |       ||     1
         Invisible         |       |       |       |       |       |     1 |       |       |     5 ||     6
         Fleeing           |       |       |       |       |       |       |       |       |     1 ||     1
 Armour: Animal skin       |    11 |       |       |       |       |       |       |       |       ||    11
         Scale mail        |     2 |    15 |       |       |       |       |       |       |       ||    17
         Chain mail        |       |    29 |    69 |       |     5 |       |       |       |       ||   103
         Plate armour      |       |       |    54 |   281 |   654 |   262 |       |       |       ||  1251
         Gold dragon scale |       |       |       |       |       |   571 |   432 |   646 |    48 ||  1697
         Skin              |       |       |       |       |       |       |       |    65 |    20 ||    85
         Crystal plate arm |       |       |       |       |       |       |       |       |   522 ||   522
  Dodge: Dodged            |    48 |    43 |    98 |   133 |   346 |   287 |   146 |   270 |   244 ||  1615
  Block: Kite shield       |       |       |       |       |       |   160 |       |       |       ||   160
         Tower shield      |       |       |       |       |       |   600 |  1093 |  1560 |  1193 ||  4446
